Map: Ascension to Aiur LE

Players

Wogo - Winner!

  • Race: Zerg Zerg
  • League: Diamond
  • Spawn Location: 5:00

TEarDroP

  • Race: Terran Terran
  • League: Master
  • Spawn Location: 11:00

VOD

Have the link to the VOD?

Description

Time

  • Played on: Dec. 18, 2017, 1:04 p.m.
  • Length: 11:47
Show
View Real Time Build Order
Export as new Build Order

Wogo Zerg - Winner!

Build Orders: Hatch First 

Get SALT Encoding   

  12  0:01  Drone  
  13  0:13  Overlord  
  13  0:21  Drone  
  14  0:32  Drone x2  
  16  0:36  Drone  
  17  0:54  Hatchery  
  16  0:57  Drone  
  16  1:01  Drone  
  18  1:10  Extractor  
  17  1:16  Spawning Pool  
  16  1:24  Drone  
  17  1:29  Drone  
  17  1:30  Drone  
  19  1:41  Overlord  
  19  2:03  Queen  
  19  2:05  Zergling x4  
  23  2:08  Queen  
  23  2:12  Metabolic Boost  
  25  2:24  Drone x4  
  29  2:31  Roach Warren  
  29  2:33  Extractor  
  29  2:36  Drone  
  28  2:40  Drone  
  29  2:48  Drone x2  
  29  2:50  Drone  
  32  3:02  Overlord  
  32  3:05  Overlord  
  32  3:21  Roach x3  
  32  3:22  Roach x2  
  42  3:47  Ravager x3  
  45  3:50  Zergling x2  
  45  3:51  Zergling x10  
  51  4:01  Overlord  
  51  4:14  Hatchery  
  49  4:26  Drone  
  49  4:28  Drone x9  
  56  4:51  Zergling x2  
  56  4:52  Zergling x12  
  60  5:03  Zergling x6  
  60  5:33  Zergling x10  
  53  5:47  Zergling x2  
  53  5:48  Zergling x4  
  53  5:49  Queen  
  56  5:53  Extractor  
  56  5:54  Extractor  
  56  5:56  Lair  
  54  5:59  Evolution Chamber  
  54  6:02  Evolution Chamber  
  51  6:09  Drone x3  
  54  6:16  Queen  
  55  6:37  Drone x4  
  55  6:38  Drone  
  60  6:40  Zerg Missile Weapons Level 1  
  60  6:41  Zerg Ground Armor Level 1  
  60  6:43  Drone x2  
  60  6:45  Drone x3  
  65  6:47  Overlord x2  
  65  6:48  Overlord x3  
  65  7:03  Glial Reconstitution  
  65  7:06  Hydralisk Den  
  65  7:08  Drone x3  
  64  7:29  Roach x12  
  88  7:38  Muscular Augments  
  88  7:40  Hydralisk x4  
  88  7:41  Hydralisk  
  98  8:01  Drone x4  
  102  8:14  Overlord  
  102  8:15  Overlord  
  101  8:23  Hydralisk  
  101  8:24  Roach  
  101  8:25  Overlord x3  
  101  8:26  Overlord  
  105  8:28  Infestation Pit  
  105  8:30  Overlord  
  105  8:32  Extractor  
  103  8:34  Drone x6  
  103  8:35  Extractor  
  103  8:37  Drone  
  109  8:42  Ravager x5  
  109  8:43  Ravager x3  
  117  8:58  Queen x2  
  121  9:02  Queen  
  122  9:18  Zergling x2  
  122  9:19  Zergling x2  
  122  9:21  Hydralisk  
  122  9:22  Roach x3, Hydralisk x4  
  122  9:23  Roach x4  
  148  9:26  Overlord x2  
  148  9:34  Pneumatized Carapace  
  148  9:45  Roach x2, Hydralisk x2  
  147  9:46  Roach, Zergling x8  
  153  9:58  Hydralisk x2  
  153  9:59  Roach x4  
  165  10:15  Roach  
  165  10:16  Roach x5  
  165  10:18  Overlord x3  
  137  10:55  Hydralisk x3  
  137  10:56  Roach x4, Zergling x2  
  137  10:57  Zergling x12  
  152  11:35  Extractor  
  152  11:37  Hatchery  
  142  11:42  Extractor  
Show
View Real Time Build Order
Export as new Build Order

TEarDroP Terran 

Build Orders: MMM Bio 

Get SALT Encoding   

  12  0:00  SCV  
  13  0:13  SCV  
  14  0:17  Supply Depot  
  14  0:25  SCV  
  15  0:39  SCV  
  15  0:41  Barracks  
  16  0:45  Refinery  
  16  0:51  SCV  
  17  1:03  SCV  
  18  1:15  SCV  
  19  1:30  Marine, Orbital Command  
  20  1:40  Command Center  
  20  1:48  Supply Depot  
  20  1:49  Barracks Reactor  
  20  1:56  SCV  
  21  2:08  SCV  
  22  2:25  SCV  
  22  2:26  Command Center  
  22  2:29  Marine, Reaper  
  25  2:35  Barracks  
  25  2:38  SCV  
  26  2:47  Marine  
  26  2:50  SCV  
  28  2:53  Orbital Command  
  28  3:02  Marine  
  28  3:03  SCV  
  28  3:05  Marine  
  30  3:11  Engineering Bay  
  31  3:15  SCV  
  31  3:21  SCV  
  31  3:26  Marine x2  
  31  3:27  SCV, Barracks Tech Lab  
  34  3:28  Bunker  
  34  3:34  SCV  
  36  3:39  Orbital Command  
  36  3:41  SCV  
  36  3:46  SCV  
  37  3:55  SCV  
  38  3:56  Marine x3  
  38  3:57  Missile Turret  
  38  3:58  SCV  
  38  4:01  Stimpack  
  42  4:02  Factory  
  42  4:04  SCV  
  42  4:08  SCV  
  44  4:13  SCV  
  45  4:18  Marine x3  
  45  4:20  SCV  
  45  4:23  SCV  
  50  4:25  Refinery  
  50  4:28  Barracks  
  50  4:32  SCV x2  
  50  4:34  Supply Depot  
  50  4:35  SCV  
  50  4:37  Marine x3  
  50  4:47  Factory Tech Lab  
  47  4:55  Marine x3  
  47  4:56  SCV x3  
  50  5:05  Starport  
  50  5:08  SCV x2  
  50  5:10  Bunker  
  50  5:13  Marine x3  
  53  5:25  SCV x3  
  44  5:36  Marine x3  
  44  5:39  SCV x2  
  27  5:53  Siege Tank  
  27  5:54  Marine, SCV  
  27  5:56  Marine x2  
  32  5:58  Marine  
  30  6:06  SCV  
  30  6:07  SCV  
  32  6:12  Marine  
  32  6:16  Marine x2  
  32  6:17  Marine  
  32  6:18  Viking  
  38  6:19  SCV x2  
  40  6:29  Marine  
  40  6:31  SCV  
  42  6:35  Orbital Command  
  42  6:36  Marine x2  
  42  6:38  SCV  
  45  6:42  Siege Tank  
  48  6:48  Marine  
  48  6:49  Marine  
  48  6:54  Marine x2, SCV x2  
  54  7:01  Starport Reactor  
  54  7:06  SCV x2  
  54  7:08  Marine x2, Bunker  
  58  7:10  SCV, Combat Shields  
  58  7:11  Marine  
  58  7:12  Marine  
  61  7:18  SCV  
  61  7:19  Supply Depot  
  61  7:26  Supply Depot  
  61  7:40  Marine x4  
  61  7:41  SCV x3  
  68  7:44  Supply Depot  
  68  7:49  Medivac x2  
  72  7:53  SCV x2  
  72  7:57  SCV  
  75  8:04  Barracks, Supply Depot  
  75  8:05  Barracks, SCV  
  76  8:09  Supply Depot  
  76  8:10  Marine, Siege Tank  
  76  8:11  Marine  
  82  8:15  Barracks Reactor  
  82  8:17  SCV x2  
  82  8:18  SCV  
  84  8:29  SCV, Refinery x2  
  85  8:45  Marine x3, Supply Depot  
  85  8:46  Siege Tank  
  91  8:48  SCV x2  
  91  8:51  Supply Depot  
  91  8:53  Orbital Command  
  94  8:58  Marine x4  
  94  8:59  Terran Infantry Weapons Level 1  
  97  9:02  Marine  
  97  9:03  Marine, SCV  
  97  9:04  SCV  
  101  9:14  Barracks  
  101  9:16  Barracks, SCV  
  102  9:17  SCV, Barracks Reactor  
  102  9:18  Marine x3, Barracks Reactor  
  106  9:24  Armory, SCV  
  106  9:25  Engineering Bay  
  106  9:28  SCV  
  106  9:29  SCV  
  108  9:33  Medivac  
  108  9:36  SCV  
  111  9:38  Supply Depot  
  111  9:40  Supply Depot  
  98  9:54  Marine x8  
  98  9:55  Marine  
  98  9:57  Siege Tank  
  110  10:04  Marine x2, SCV x2  
  114  10:11  Marine x2  
  105  10:15  Marine  
  106  10:22  SCV x2  
  78  10:36  Marine  
  78  10:37  Marine x7  
  78  10:38  Siege Tank  
  78  10:39  SCV  
  61  10:52  Marine x3  
  61  10:54  Marine, SCV  
  65  11:06  SCV  
  65  11:08  Orbital Command  
  66  11:12  Orbital Command  
  66  11:18  SCV  
  67  11:25  Barracks Reactor x2  
  67  11:30  SCV  
Tags
 
Composition
MMM Bio
Matchup
TvZ
Spawn Locations
Cross Positions
Add a new tag
Caveats
  • Supply blocks, unpowered buildings, or Contaminate may cause inaccurate times.
  • Supply counts are checked every 10 seconds.